 Dungeon Crawl Stone Soup version 0.26.1-2-gb8aa6d0cf2 (webtiles) character file.

Game seed: 14205194445528413562

170 dickylongcocking the Sneak (level 5, -1/24 HPs)
             Began as a Felid Berserker on Feb 14, 2021.
             Was a Believer of Trog.
             Slain by a hobgoblin
             ... wielding a +0 club
              (3 damage)
             ... on level 2 of the Dungeon.
             The game lasted 00:01:45 (1923 turns).

dickylongcocking the Sneak (Felid Berserker)        Turns: 1923, Time: 00:01:45

Health: -1/24      AC:  1    Str: 13    XL:     5   Next: 26%
Magic:  6/6        EV: 19    Int:  8    God:    Trog [**....]
Gold:   132        SH:  0    Dex: 17    Spells: 4/4 levels left
                                        Lives:  0   Deaths: 1

rFire    . . .     SeeInvis +     - Unarmed
rCold    . . .     Faith    .   (shield unavailable)
rNeg     + . .     Spirit   .   (armour unavailable)
rPois    .         Reflect  .   (helmet unavailable)
rElec    .         Harm     .   (cloak unavailable)
rCorr    .         Rampage  .   (gloves unavailable)
Will     .....     Rnd*Tele +   (boots unavailable)
Stlth    ++++......             (no amulet)
HPRegen  0.08/turn              i - ring of teleportation (curse)
MPRegen  0.10/turn              c - ring of positive energy

@: lethally poisoned (-1 -> -3), berserk cooldown, slowed, slow
A: very small, no armour, no weapons or thrown items, stealth, claws 1, fangs 3,
see invisible, speed 1, shaggy fur 1, sharp paws
a: Renounce Religion, Berserk, Trog's Hand


You were on level 2 of the Dungeon.
You worshipped Trog.
Trog was pleased with you.
You visited 1 branch of the dungeon, and saw 3 of its levels.

You collected 132 gold pieces.

Inventory:

Jewellery
 c - a ring of positive energy (right paw)
 i - a cursed ring of teleportation (left paw)
 m - a +4 ring of evasion {unknown}
Wands
 j - a wand of digging (3)
Scrolls
 d - a scroll of magic mapping {unknown}
 e - 2 scrolls of remove curse {unknown}
 f - a scroll of fog {unknown}
 k - a scroll of teleportation {unknown}
 l - a scroll of identify {unknown}
Potions
 a - a potion of haste {unknown}
 b - 3 potions of invisibility
 g - 2 potions of brilliance {unknown}
 h - 3 potions of heal wounds


   Skills:
 - Level 3.0 Fighting
 - Level 4.0 Dodging
 * Level 5.9 Stealth
 * Level 5.2 Unarmed Combat


You had 4 spell levels left.
You didn't know any spells.
Your spell library was empty.

Dungeon Overview and Level Annotations

Branches:
Dungeon (3/15)

Altars:


Innate Abilities, Weirdness & Mutations

You cannot wear armour.
You are incapable of wielding weapons or throwing items.
Your paws allow you to move quietly. (Stealth)
You have sharp claws.
You have razor-sharp teeth.
You have supernaturally acute eyesight. (SInv)
You cover ground quickly.
You are covered in fur. (AC +1)
Your sharp claws are effective at attacking unaware monsters.


Message History

The hobgoblin closely misses you.
There is a stone staircase leading up, spattered with blood here.
Things that are here:
a +0 dagger; a goblin corpse Unknown command.
You feel a strong urge to attack something.
You feel sick. The adder bites you.
* * * LOW HITPOINT WARNING * * *
The worm misses you.
You climb upwards.
There is a stone staircase leading down here.
Unknown command.
Unknown command.
Unknown command.
You are too berserk!
Unknown command.
You feel your anger nearly subside.
You are no longer berserk.
You are exhausted.
You feel yourself slow down. The hobgoblin hits you with a +0 club.
You die...

#............# #..#.##
#.############ #...#.## #.#
#....#.### #.# #......).# #.#
####.###.# #.# #.# #.#
#.######## #########.###.#
###........####...........#.#
#.......##..S>@.#######.#.#.#
#...........w.g..# #.#.#.#
###.......##.#####(# ##.#.#.##
..............# #.# #.......#
###.....<.##..# #.# #.......#
#.....)<..#...## #.#####.[.....#
#.#............###.##..........#
#.##>#..###.....##.#...........#
...(....# ##..#.##.#..##.......#


You could see a worm, an adder and a hobgoblin.

Vanquished Creatures
  Sigmund (D:2)
  Terence (D:3)
  Robin (D:2)
  2 adders
  An ooze (D:2)
  2 worms
  4 dart slugs (D:1)
  A leopard gecko (D:3)
  A giant cockroach (D:1)
  12 goblins
  10 hobgoblins
  6 kobolds
  A ball python (D:1)
  2 bats (D:1)
  3 frilled lizards (D:1)
  4 rats
52 creatures vanquished.

Vanquished Creatures (others)
  2 goblins (D:2)
2 creatures vanquished.

Grand Total: 54 creatures vanquished

Notes
Turn   | Place    | Note
-------+----------+-------------------------------------------
     0 | D:1      | dickylongcocking the Felid Berserker began the quest for
                  | the Orb.
     0 | D:1      | Reached XP level 1. HP: 10/10 MP: 2/2
   129 | D:1      | Reached skill level 1 in Stealth
   307 | D:1      | Reached XP level 2. HP: 14/14 MP: 3/3
   675 | D:1      | Reached XP level 3. HP: 6/17 MP: 4/4
  1029 | D:2      | Noticed Sigmund
  1035 | D:2      | Killed Sigmund
  1036 | D:2      | Reached skill level 5 in Stealth
  1036 | D:2      | Reached XP level 4. HP: 21/21 MP: 5/5
  1036 | D:2      | Reached XP level 5. HP: 24/24 MP: 6/6
  1157 | D:2      | Noticed Robin
  1159 | D:2      | Reached ** piety under Trog
  1178 | D:2      | Demolished by Robin
  1179 | D:2      | Reached XP level 4. HP: -15/21 MP: 5/5
  1223 | D:2      | Killed Robin
  1526 | D:2      | Reached skill level 5 in Unarmed Combat
  1905 | D:3      | Reached XP level 5. HP: 24/24 MP: 6/6
  1905 | D:3      | Noticed Terence
  1916 | D:3      | Killed Terence
  1923 | D:2      | Slain by a hobgoblin

Illustrated notes

Levels and vault maps discovered:
D:1:      dpeg_arrival_rooms_with_view, layout_rooms
D:2:      layout_loops_ring, uniq_robin, uniq_sigmund
D:3:      layout_basic, chequers_temple_overflow_minitemple,
          gup_sewer_entry_spiral, uniq_terence

Skill      XL: |  1  2  3  4 |
---------------+-------------+-----
Stealth        | 1 2 5 |  5.9
Unarmed Combat | 4 5 |  5.2
Fighting       | |  3.0
Dodging        | |  4.0

Action                   |  1- 3 |  4- 6 || total
-------------------------+-------+-------++-------
Melee: Unarmed           |    65 |    54 ||   119
       Bite              |     4 |     1 ||     5
Invok: Berserk           |     3 |     3 ||     6
       Trog's Hand       |       |     1 ||     1
  Use: Potion            |       |     1 ||     1
 Stab: Sleeping          |     7 |     7 ||    14
Armor: Skin              |     1 |     2 ||     3
Dodge: Dodged            |    53 |    52 ||   105
